 Dungeon Crawl Stone Soup version 0.31.0-12-g77e489cdc1 (webtiles) character file.

Game seed: 7124508020380976377

25027 Doomgape the Blocker (level 13, -2/93 HPs)
             Began as a Gnoll Fighter on Feb 24, 2024.
             Was a High Priest of Hepliaklqana.
             Killed from afar by a gargoyle (15 damage)
             ... with a stone arrow
             ... in a volcano.
             The game lasted 00:43:51 (12056 turns).

Doomgape the Blocker (Gnoll Fighter)               Turns: 12056, Time: 00:43:52

Health: -2/93      AC: 25    Str: 25    XL:     13   Next: 16%
Magic:  25/25      EV: 10    Int: 12    God:    Hepliaklqana [*****.]
Gold:   801        SH:  6    Dex: 11    Spells: 28/28 levels left

rFire   . . .        a - +1 war axe (elec)
rCold   + . .        c - +0 buckler
rNeg    . . .        r - +2 plate armour {rPois}
rPois   +            F - +1 helmet "Oqaiwe" {Str+6}
rElec   .            z - +1 cloak {Will+}
rCorr   .            (no gloves)
SInv    +            (no boots)
Will    +....        g - amulet of regeneration Stlth
                     s - ring of see invisible
HPRegen 1.15/turn    y - +4 ring of protection
MPRegen 0.19/turn

%: no passive effects
@: no status effects
A: reduced essence, fangs 1, strong nose, distributed training, clever 1, cold
resistance 1
a: Renounce Religion, Recall Ancestor, Ancestor Identity, Transference, Idealise


You were in a volcano.
You worshipped Hepliaklqana.
Hepliaklqana was extremely pleased with you.
You visited 3 branches of the dungeon, and saw 15 of its levels.
You also visited: Sewer and Volcano.

You collected 801 gold pieces.

Inventory:

Hand Weapons
 a - a +1 war axe of electrocution (weapon)
 i - a +4 flail
 o - a +0 broad axe
 q - a +2 shortbow of electrocution
Missiles
 p - 31 poisoned darts (quivered)
 w - a throwing net
Armour
 c - a +0 buckler (worn)
 r - a +2 plate armour of poison resistance (worn)
 z - a +1 cloak of willpower (worn)
 F - the +1 helmet "Oqaiwe" (worn) {Str+6}
   (You acquired it on level 1 of the Lair of Beasts)

   Str+6:     It affects your strength (+6).
Jewellery
 g - an amulet of regeneration (around neck)
 s - a ring of see invisible (left hand)
 y - a +4 ring of protection (right hand)
 B - a ring of willpower
Wands
 v - a wand of flame (16)
Scrolls
 f - 2 scrolls of immolation
 j - 2 scrolls of teleportation
 l - 5 scrolls of identify
 C - 2 scrolls of enchant weapon
 D - a scroll of poison
Potions
 b - a potion of berserk rage
 d - 4 potions of might
 e - 4 potions of curing
 h - a potion of enlightenment
 k - a potion of cancellation
 m - 2 potions of heal wounds
 t - 4 potions of mutation
 A - 2 potions of ambrosia
 E - a potion of resistance


   Skills:
 + Level 10.6 Fighting
 + Level 8.3 Short Blades
 + Level 8.3 Long Blades
 + Level 9.6 Axes
 + Level 8.3 Maces & Flails
 + Level 8.3 Polearms
 + Level 8.3 Staves
 + Level 8.3 Ranged Weapons
 + Level 8.3 Throwing
 + Level 10.6 Armour
 + Level 8.3 Dodging
 + Level 8.3 Stealth
 + Level 10.6 Shields
 + Level 8.3 Unarmed Combat
 + Level 8.3 Spellcasting
 + Level 6.9 Conjurations
 + Level 6.9 Hexes
 + Level 6.9 Summonings
 + Level 6.9 Necromancy
 + Level 6.9 Translocations
 + Level 6.9 Fire Magic
 + Level 6.9 Ice Magic
 + Level 6.9 Air Magic
 + Level 6.9 Earth Magic
 + Level 6.9 Alchemy
 + Level 9.1 Invocations
 + Level 8.3 Evocations
 + Level 7.6 Shapeshifting


You had 28 spell levels left.
You didn't know any spells.
Your spell library contained the following spells:

 Spells                   Type           Power      Damage    Failure   Level
 Kiss of Death            Conj/Necr      84%        2d11      9%          1
 Sandblast                Erth           42%        2d11      9%          1
 Ensorcelled Hibernation  Hex/Ice        42%        N/A       14%         2
 Mercury Vapours          Alch/Air       42%        N/A       14%         2
 Confusing Touch          Hex            21%        N/A       26%         3
 Fugue of the Fallen      Necr           21%        N/A       26%         3
 Gell's Gravitas          Tloc           21%        N/A       26%         3
 Inner Flame              Hex/Fire       21%        N/A       26%         3
 Mephitic Cloud           Conj/Alch/Air  21%        N/A       26%         3
 Passwall                 Erth           21%        N/A       26%         3
 Stone Arrow              Conj/Erth      42%        3d9       26%         3
 Teleport Other           Tloc           21%        N/A       26%         3
 Tukima's Dance           Hex            21%        N/A       26%         3
 Anguish                  Hex/Necr       10%        N/A       65%         4
 Brom's Barrelling Bould  Conj/Erth      21%        2d4       65%         4
 Dispel Undead            Necr           21%        3d11      65%         4
 Flame Wave               Conj/Fire      21%        2d8       65%         4
 Passage of Golubria      Tloc           21%        N/A       65%         4
 Sticky Flame             Fire/Alch      21%        2d6       65%         4
 Freezing Cloud           Conj/Ice/Air   10%        6-21      94%         5
 Yara's Violent Unravell  Hex/Alch       10%        3d6       94%         5
 Dispersal                Tloc           10%        N/A       100%        6


Dungeon Overview and Level Annotations

Branches:
Dungeon (11/15)            Temple (1/1) D:7            Lair (3/5) D:9
  Swamp (0/4) Lair:2       Spider (0/4) Lair:2          Orc (0/2) D:9
  Sewer (visited)         Volcano (1/1)

Altars:
Ashenzari
Cheibriados
Dithmenos
Elyvilon
Fedhas
Gozag
Hepliaklqana
Kikubaaqudgha
Makhleb
Nemelex Xobeh
Okawaru
Qazlal
Ru
Sif Muna
Trog
Uskayaw
Vehumet
Wu Jian
Xom
Yredelemnul
Zin
The Shining One

Shops:
D:4 [

Annotations:
D:7 3 runed translucent doors, Gandelf's ghost, novice SpCj; Sphyrna's ghost, novice MiBe; dertzug's ghost, novice AtFi


Innate Abilities, Weirdness & Mutations

Your life essence is reduced to manifest your ancestor. (-10% HP)
You have very sharp teeth.
Your uncanny sense of smell can sniff out nearby items.
Your experience applies equally to all skills.
Your mind is acute. (Int +4, Str/Dex -1)
Your flesh is cold resistant. (rC+)


Message History

You are engulfed in flames!
The salamander burns you. You block the cyclops's attack.
You hit the salamander but do no damage.
Your bite misses the salamander. You slash the cyclops!
Lightning courses through the cyclops!!
The salamander hits you but does no damage.
Murka points at the salamander and mumbles some strange words.
The puff of frost hits the salamander!
The salamander is frozen!
The cyclops closely misses you.
You barely miss the salamander.
The salamander is moderately wounded.
You slash the cyclops! You block the salamander's attack.
You block the cyclops's attack.
Unknown command.
You hit the salamander.
Lightning courses through the salamander!
The salamander is heavily wounded.
You slash the cyclops!
You kill the cyclops!
The salamander hits you with a +1 trident of flaming.
You are engulfed in flames!
The salamander burns you.
Murka hits the salamander with a +0 quarterstaff!
You hit the salamander but do no damage.
You bite the salamander, but do no damage.
The salamander is severely wounded.
You hit the gargoyle.
The salamander hits you with a +1 trident of flaming!
You are engulfed in flames!
The salamander burns you.
Murka hits the salamander with a +0 quarterstaff.
The gargoyle hurls a stone arrow at you.
The stone arrow hits you!!
* * * LOW HITPOINT WARNING * * *
You slash the salamander!
The salamander is almost dead.
You hit the gargoyle but do no damage. You block the salamander's attack.
Murka hits the salamander with a +0 quarterstaff!
The salamander dies!
The gargoyle hurls a stone arrow at you.
The stone arrow hits you!
You die...

#......+......#
#8.....+.8...8#
##.8..8##..####
########..#
#..# #..# ∆
#..# #..# #R@#
∆ #9)# #..#
#..# #... #...
#~~# #~~#


You could see the friendly Murka the battlemage and a gargoyle.

Vanquished Creatures
  A hydra (Lair:2)
  A demonic crawler (Lair:1)
  The ghost of dogaso222 the Mimic, a novice MfSh of Dithmenos (D:6)
  The ghost of Doomgape the Covered, a novice GrFi (D:6)
  Maurice (D:8)
  An ugly thing (D:11)
  A cyclops (Volcano)
  An orange demon (Lair:2)
  2 cane toads (Lair:1)
  A rime drake (Lair:3)
  The ghost of ripuliukko the Digger, a novice GrEE (D:6)
  A polar bear (Lair:2)
  Grinder (D:6)
  6 dream sheep (Lair:3)
  6 blink frogs
  Sigmund (D:6)
  The ghost of Couri the Trooper, an amateur OnWr of Ashenzari (D:6)
  24 yaks
  A wyvern (D:8)
  2 wraiths (D:10)
  A basilisk (Lair:3)
  2 steam dragons
  A swamp worm (Lair:1)
  An acid dragon (D:6)
  4 water moccasins
  4 ice beasts
  3 orc warriors
  A sky beast (D:8)
  An ogre (D:5)
  6 wolves (Lair:1)
  3 centaurs
  4 kobold brigands
  4 bullfrogs
  2 brain worms (Sewer)
  2 gnoll sergeants
  7 scorpions
  5 wights (D:8)
  4 killer bees
  3 electric eels
  A bombardier beetle (D:4)
  2 hounds
  4 orc priests
  A gnoll bouda (D:4)
  7 orc wizards
  Natasha (thrice) (D:3)
  An iguana (D:5)
  7 adders
  12 gnolls
  3 river rats (Sewer)
  4 white imps
  2 ufetubi (D:6)
  2 dart slugs
  A ribbon worm (D:2)
  42 orcs
  10 endoplasms
  7 giant cockroaches
  3 goblins
  8 hobgoblins
  5 jackals (Sewer)
  4 quokkas
  13 ball pythons
  7 bats
  4 frilled lizards
  15 kobolds
  7 rats
288 creatures vanquished.

Vanquished Creatures (collateral kills)
  A hydra (Lair:2)
  Amaemon (Lair:2)
  A bog body (Lair:2)
  A salamander (Volcano)
  A cyclops (Volcano)
  2 black mambas
  A cane toad (Lair:1)
  A polar bear (Lair:2)
  5 blink frogs
  2 wyverns
  9 yaks
  Grum (Lair:1)
  3 swamp worms
  An acid dragon (D:10)
  2 water moccasins
  5 orc warriors
  A black bear (Lair:1)
  5 wolves (Lair:1)
  A centaur (D:10)
  A phantom (D:7)
  A kobold brigand (D:10)
  5 bullfrogs
  A scorpion (Lair:2)
  5 killer bees
  3 orc priests (D:9)
  6 orc wizards
  4 gnolls
  15 orcs
  A giant cockroach (Lair:2)
  A kobold (D:10)
  2 butterflies (D:7)
89 creatures vanquished.

Vanquished Creatures (others)
  2 battlemagi
2 creatures vanquished.

Grand Total: 379 creatures vanquished

Notes
Turn   | Place    | Note
-------+----------+-------------------------------------------
     0 | D:1      | Doomgape the Gnoll Fighter began the quest for the Orb.
     0 | D:1      | Reached XP level 1. HP: 23/23 MP: 1/1
    40 | D:1      | Reached XP level 2. HP: 26/29 MP: 2/2
    56 | D:1      | Noticed an eye of devastation
    57 | D:1      | Found a faded altar of an unknown god.
   108 | D:1      | Noticed an eye of devastation
   108 | D:1      | Noticed a great orb of eyes
   108 | D:1      | Noticed a shining eye
   412 | D:1      | Reached XP level 3. HP: 35/35 MP: 3/3
   808 | D:2      | Reached skill level 1 in Invocations
   989 | D:2      | Reached skill level 1 in Short Blades
   989 | D:2      | Reached skill level 1 in Long Blades
   989 | D:2      | Reached skill level 1 in Maces & Flails
   989 | D:2      | Reached skill level 1 in Polearms
   989 | D:2      | Reached skill level 1 in Staves
   989 | D:2      | Reached skill level 1 in Ranged Weapons
   989 | D:2      | Reached skill level 1 in Throwing
   989 | D:2      | Reached skill level 1 in Dodging
   989 | D:2      | Reached skill level 1 in Stealth
   989 | D:2      | Reached skill level 1 in Unarmed Combat
   989 | D:2      | Reached skill level 1 in Spellcasting
   989 | D:2      | Reached skill level 1 in Evocations
  1134 | D:2      | Reached skill level 1 in Shapeshifting
  1134 | D:2      | Reached XP level 4. HP: 40/41 MP: 5/5
  1482 | D:3      | Reached skill level 1 in Conjurations
  1482 | D:3      | Reached skill level 1 in Hexes
  1482 | D:3      | Reached skill level 1 in Summonings
  1482 | D:3      | Reached skill level 1 in Necromancy
  1482 | D:3      | Reached skill level 1 in Translocations
  1482 | D:3      | Reached skill level 1 in Fire Magic
  1482 | D:3      | Reached skill level 1 in Ice Magic
  1482 | D:3      | Reached skill level 1 in Air Magic
  1482 | D:3      | Reached skill level 1 in Earth Magic
  1482 | D:3      | Reached skill level 1 in Alchemy
  1759 | D:3      | Reached XP level 5. HP: 47/47 MP: 7/7
  1896 | D:3      | Noticed Natasha
  1898 | D:3      | Found a glowing drain.
  1912 | D:3      | Killed Natasha
  1937 | Sewer    | Entered a sewer
  1950 | Sewer    | Noticed a kobold brigand
  1978 | Sewer    | Killed a kobold brigand
  2003 | Sewer    | Noticed a kobold brigand
  2010 | Sewer    | Reached XP level 6. HP: 53/53 MP: 8/8
  2023 | Sewer    | Reached skill level 5 in Axes
  2358 | Sewer    | Reached XP level 7. HP: 60/60 MP: 10/10
  3034 | D:3      | Noticed Natasha
  3036 | D:3      | Killed Natasha
  3239 | D:3      | Noticed Natasha
  3242 | D:3      | Killed Natasha
  3758 | D:4      | Found a bloodstained altar of Trog.
  3777 | D:4      | Found an opulent altar of Gozag.
  3939 | D:4      | Found Jeod's Armour Emporium.
  4389 | D:5      | Entered Level 5 of the Dungeon
  4531 | D:5      | Reached XP level 8. HP: 59/67 MP: 12/12
  4884 | D:5      | Found a white marble altar of Elyvilon.
  4944 | D:5      | Found a hazy altar of Hepliaklqana.
  4952 | D:5      | Became a worshipper of Hepliaklqana the Forgotten
  5283 | D:6      | Noticed Grinder
  5284 | D:6      | Noticed Sigmund
  5295 | D:6      | Killed Grinder
  5302 | D:6      | Killed Sigmund
  5303 | D:6      | Reached XP level 9. HP: 73/73 MP: 13/15
  5649 | D:6      | Identified the serpent talisman of Winter {rC+ rCorr}
  5806 | D:6      | Found a runed translucent gate.
  5807 | D:6      | Found a runed translucent gate.
  5807 | D:6      | Found a runed translucent gate.
  5808 | D:6      | Noticed ripuliukko's ghost (novice GrEE)
  5808 | D:6      | Noticed Couri's ghost (amateur OnWr)
  5808 | D:6      | Noticed dogaso222's ghost (novice MfSh)
  5808 | D:6      | Noticed Doomgape's ghost (novice GrFi)
  5817 | D:6      | Gained mutation: Your flesh is cold resistant. (rC+)
                  | [potion of mutation]
  5817 | D:6      | Gained mutation: Your mind is acute. (Int +4, Str/Dex -1)
                  | [potion of mutation]
  5832 | D:6      | Killed dogaso222's ghost
  5833 | D:6      | Reached skill level 5 in Invocations
  5838 | D:6      | Killed ripuliukko's ghost
  5852 | D:6      | Killed Doomgape's ghost
  5853 | D:6      | Reached skill level 5 in Short Blades
  5853 | D:6      | Reached skill level 5 in Long Blades
  5853 | D:6      | Reached skill level 5 in Maces & Flails
  5853 | D:6      | Reached skill level 5 in Polearms
  5853 | D:6      | Reached skill level 5 in Staves
  5853 | D:6      | Reached skill level 5 in Ranged Weapons
  5853 | D:6      | Reached skill level 5 in Throwing
  5853 | D:6      | Reached skill level 5 in Dodging
  5853 | D:6      | Reached skill level 5 in Stealth
  5853 | D:6      | Reached skill level 5 in Unarmed Combat
  5853 | D:6      | Reached skill level 5 in Spellcasting
  5853 | D:6      | Reached skill level 5 in Evocations
  5853 | D:6      | Reached XP level 10. HP: 56/81 MP: 6/17
  5855 | D:6      | Killed Couri's ghost
  5960 | D:7      | Found a runed translucent gate.
  5960 | D:7      | Found a runed translucent gate.
  5962 | D:7      | Found a runed translucent gate.
  5965 | D:7      | Noticed Gandelf's ghost (novice SpCj)
  5965 | D:7      | Noticed Sphyrna's ghost (novice MiBe)
  5965 | D:7      | Noticed dertzug's ghost (novice AtFi)
  5991 | D:7      | Reached * piety under Hepliaklqana
  6152 | D:7      | Found a staircase to the Ecumenical Temple.
  6160 | Temple   | Entered the Ecumenical Temple
  6443 | D:7      | Found a snail-covered altar of Cheibriados.
  6942 | D:8      | Reached ** piety under Hepliaklqana
  6961 | D:8      | Reached skill level 5 in Shapeshifting
  7301 | D:8      | Found an iron altar of Okawaru.
  7372 | D:8      | Remembered your ancestor Murka as a battlemage
  7515 | D:8      | Noticed Maurice
  7519 | D:8      | Maurice stole a +4 flail
  7523 | D:8      | Killed Maurice
  7719 | D:9      | Found a basalt altar of Yredelemnul.
  7761 | D:9      | Reached skill level 5 in Conjurations
  7761 | D:9      | Reached skill level 5 in Hexes
  7761 | D:9      | Reached skill level 5 in Summonings
  7761 | D:9      | Reached skill level 5 in Necromancy
  7761 | D:9      | Reached skill level 5 in Translocations
  7761 | D:9      | Reached skill level 5 in Fire Magic
  7761 | D:9      | Reached skill level 5 in Ice Magic
  7761 | D:9      | Reached skill level 5 in Air Magic
  7761 | D:9      | Reached skill level 5 in Earth Magic
  7761 | D:9      | Reached skill level 5 in Alchemy
  7767 | D:9      | Reached XP level 11. HP: 38/80 MP: 20/20
  7834 | D:9      | Found a staircase to the Orcish Mines.
  7934 | D:9      | Found a sacrificial altar of Ru.
  7995 | D:9      | Found a staircase to the Lair.
  8043 | D:9      | Found an ornate altar of the Wu Jian Council.
  8572 | D:10     | Entered Level 10 of the Dungeon
  9157 | D:10     | Reached *** piety under Hepliaklqana
  9750 | D:11     | Noticed a red ugly thing
  9754 | D:11     | Killed a red ugly thing
  9827 | Lair:1   | Entered Level 1 of the Lair of Beasts
  9939 | Lair:1   | Noticed a demonic crawler
  9950 | Lair:1   | Killed a demonic crawler
 10199 | Lair:1   | Noticed Grum
 10201 | Lair:1   | Reached XP level 12. HP: 87/87 MP: 22/22
 10209 | Lair:1   | Killed Grum
 10256 | Lair:1   | Reached **** piety under Hepliaklqana
 10273 | Lair:1   | Identified a scroll of acquirement
 10273 | Lair:1   | Acquired the +1 helmet "Oqaiwe" {Str+6}
 10690 | Lair:2   | Noticed a four-headed hydra
 10694 | Lair:2   | Noticed Amaemon
 10696 | Lair:2   | Noticed a four-headed hydra
 10709 | Lair:2   | Reached skill level 10 in Fighting
 10709 | Lair:2   | Reached skill level 10 in Armour
 10709 | Lair:2   | Reached skill level 10 in Shields
 10716 | Lair:2   | Killed Amaemon
 11000 | Lair:2   | Found a hole to the Spider Nest.
 11080 | Lair:2   | Killed a 15-headed hydra
 11153 | Lair:2   | Killed a four-headed hydra
 11511 | Lair:2   | Found a staircase to the Swamp.
 11785 | Lair:3   | Reached XP level 13. HP: 88/93 MP: 25/25
 11881 | Lair:3   | Identified the +3 quarterstaff "Tamu" {protect, MP+9}
 11903 | Lair:3   | Reached ***** piety under Hepliaklqana
 12013 | Lair:3   | Found a dark tunnel.
 12023 | Volcano  | Entered a volcano
 12056 | Volcano  | Killed from afar by a gargoyle

Illustrated notes

Levels and vault maps discovered:
D:1:      erik_arrival_blinker_ship, layout_basic,
          hellmonk_ecumenical_altar_watching_god,
          hangedman_decor_clover_reticule
D:2:      layout_rooms
D:3:      layout_loops_corners, portal_sewer_entry_b,
          chequers_serial_rivers_micro_d, minivault_5,
          chequers_serial_rivers_micro_a, uniq_natasha
D:4:      layout_basic, mainiacjoe_overflow_catwalk_spiral, serial_shops,
          nicolae_shop_crystal, serial_library_hellmonk_room_a
D:5:      layout_cave_pools, nzn_hepliaklqana_mist_gate,
          nicolae_elyvilon_peaceful_grove, skrybe_limestone_x
D:6:      layout_gridville, gammafunk_ghost_cemetery, uniq_grinder, uniq_sigmund
D:7:      layout_gridville, kennysheep_mini, minmay_temple_entry_butterflies,
          gammafunk_ghost_cemetery
D:8:      layout_basic, mainiacjoe_overflow_surrounded_room, uniq_maurice
D:9:      layout_basic, mainiacjoe_overflow_small_starburst,
          mainiacjoe_overflow_alcove_2,
          mainiacjoe_overflow_concentric_impassable, lair_entry_dummy,
          erik_orc_2
D:10:     layout_loops_corners, serial_aquarium, aquarium_bridge_long_joined
          [aquarium_subvault_bridge, aquarium_subvault_wall,
          aquarium_subvault_window, aquarium_subvault_bridge,
          aquarium_subvault_window, aquarium_subvault_bridge],
          aquarium_window_1, aquarium_window_1, aquarium_window_fake,
          aquarium_window_fake, aquarium_view_2c, aquarium_view_2a,
          aquarium_balcony_double_1, aquarium_pool_split,
          nicolae_concentric_dashed_squares_mild, serial_bayou_pond_c,
          roderic_serpentine_path, hex_medium
D:11:     argonaut_augean_stables, layout_basic, serial_shops,
          nicolae_stop_n_shop_2
Temple:   compressed_dpeg_triangle_lava_temple
Lair:1:   layout_gridlike, worms_lemuel, grunt_megastairs_3, uniq_grum
Lair:2:   layout_cave_pods, nicolae_swamp_entry_splash_gauntlet,
          nicolae_spider_entry_non_spiders, minivault_27, uniq_amaemon
Lair:3:   layout_long_grid, nicolae_volcano_entry_lava_flow, minivault_27,
          hangedman_lair_generics_rect, infiniplex_staircase_pool_2
Volcano:  hellmonk_zot_springs

Skill      XL: |  1  2  3  4  5  6  7  8  9 10 11 12 13 |
---------------+----------------------------------------+-----
Invocations    | 1 2 3 4 5 6 7 8 9 |  9.1
Short Blades   | 1 2 3 4 5 6 7 8 |  8.3
Long Blades    | 1 2 3 4 5 6 7 8 |  8.3
Maces & Flails | 1 2 3 4 5 6 7 8 |  8.3
Polearms       | 1 2 3 4 5 6 7 8 |  8.3
Staves         | 1 2 3 4 5 6 7 8 |  8.3
Ranged Weapons | 1 2 3 4 5 6 7 8 |  8.3
Throwing       | 1 2 3 4 5 6 7 8 |  8.3
Dodging        | 1 2 3 4 5 6 7 8 |  8.3
Stealth        | 1 2 3 4 5 6 7 8 |  8.3
Unarmed Combat | 1 2 3 4 5 6 7 8 |  8.3
Spellcasting   | 1 2 3 4 5 6 7 8 |  8.3
Evocations     | 1 2 3 4 5 6 7 8 |  8.3
Shapeshifting  | 1 2 3 4 5 6 7 |  7.6
Conjurations   | 1 2 3 4 5 6 |  6.9
Hexes          | 1 2 3 4 5 6 |  6.9
Summonings     | 1 2 3 4 5 6 |  6.9
Necromancy     | 1 2 3 4 5 6 |  6.9
Translocations | 1 2 3 4 5 6 |  6.9
Fire Magic     | 1 2 3 4 5 6 |  6.9
Ice Magic      | 1 2 3 4 5 6 |  6.9
Air Magic      | 1 2 3 4 5 6 |  6.9
Earth Magic    | 1 2 3 4 5 6 |  6.9
Alchemy        | 1 2 3 4 5 6 |  6.9
Axes           | 5 6 7 8 9 |  9.6
Fighting       | 7 8 9 10 | 10.6
Armour         | 7 8 9 10 | 10.6
Shields        | 7 8 9 10 | 10.6

Action                     |  1- 3 |  4- 6 |  7- 9 | 10-12 | 13-15 || total
---------------------------+-------+-------+-------+-------+-------++-------
  Melee: War axe           |   117 |   162 |   262 |   458 |    27 ||  1026
         Bite              |    10 |    16 |    31 |    52 |     5 ||   114
         Flail             |       |       |       |     6 |       ||     6
  Throw: Dart              |       |    16 |     5 |    32 |       ||    53
 Invoke: Ancestor Life: Ba |       |       |       |     1 |       ||     1
         Ancestor Identity |       |       |       |     1 |       ||     1
         Recall Ancestor   |       |       |       |     2 |       ||     2
  Evoke: Wand              |       |       |     1 |    16 |       ||    17
    Use: Scroll            |     2 |     2 |     5 |    10 |       ||    19
         Potion            |       |     1 |     6 |     1 |       ||     8
   Stab: Paralysed         |       |       |     5 |    16 |       ||    21
         Distracted        |       |       |       |     7 |       ||     7
 Armour: Scale mail        |    79 |   107 |    99 |       |       ||   285
         Chain mail        |       |       |    98 |   134 |       ||   232
         Plate armour      |       |       |       |   359 |    30 ||   389
  Dodge: Dodged            |    56 |    68 |    94 |   212 |     6 ||   436
  Block: Buckler           |    35 |    36 |    64 |   156 |     9 ||   300
